 Dungeon Crawl Stone Soup version 0.21.1 (webtiles) character file.

336 shakethe the Distorting Demonspawn (level 6, -10/49 HPs)
             Began as a Demonspawn Abyssal Knight on Feb 3, 2018.
             Was a Believer of Lugonu.
             Killed from afar by an electric eel (12 damage)
             ... with a bolt of electricity
             ... on level 4 of the Dungeon.
             The game lasted 00:26:14 (4887 turns).

shakethe the Distorting Demonspawn (DsAK)           Turns: 4887, Time: 00:26:15

Health: -10/49     AC:  6    Str: 14    XL:     6   Next: 28%
Magic:  0/9        EV: 14    Int: 14    God:    Lugonu [**....]
Gold:   101        SH:  0    Dex: 12    Spells: 5/5 levels left

rFire    . . .     SeeInvis .   a - +1 mace
rCold    . . .     Gourm    .   (no shield)
rNeg     . . .     Faith    .   b - +1 leather armour
rPois    .         Spirit   +   g - +0 helmet
rElec    .         Reflect  .   (no cloak)
rCorr    .         Harm     .   (no gloves)
MR       .....                  o - +0 pair of boots
Stlth    +.........             (no amulet)
HPRegen  0.16/turn              (no ring)
MPRegen  0.11/turn              (no ring)

@: no status effects
A: repulsion field 1, spiny 1, magic shield
a: Depart the Abyss, Bend Space, Renounce Religion


You were on level 4 of the Dungeon.
You worshipped Lugonu.
Lugonu was pleased with you.
You were hungry.

You visited 1 branch of the dungeon, and saw 4 of its levels.
You visited the Abyss 1 time.

You collected 101 gold pieces.

Inventory:

Hand Weapons
 a - a +1 mace (weapon)
 z - a +0 giant club
Missiles
 h - 88 stones (quivered)
Armour
 b - a +1 leather armour (worn)
 g - a +0 helmet (worn)
 i - a +0 chain mail
 j - a +0 leather armour
 k - a +0 robe
 o - a +0 pair of boots (worn)
 v - a cursed +0 leather armour
Magical Staves
 w - an uncursed staff of earth {unknown}
Jewellery
 e - an uncursed ring of fire
 m - an uncursed ring of see invisible
 u - a cursed ring of loudness
Wands
 A - a wand of flame (27)
Scrolls
 d - 4 scrolls of fog
 q - 2 scrolls of random uselessness
 r - a scroll of identify
 s - a scroll of magic mapping
 x - a scroll of remove curse
 y - a scroll of teleportation
Potions
 f - 3 potions of degeneration {unknown}
 l - a potion of flight {unknown}
 n - a potion of invisibility {unknown}
 p - a potion of curing {unknown}
 t - a potion of cancellation {unknown}
Comestibles
 c - 2 rations


   Skills:
 + Level 4.4 Fighting
 + Level 3.4 Maces & Flails
 - Level 1.7 Armour
 + Level 2.7 Dodging
 + Level 4.9 Invocations


You had 5 spell levels left.
You didn't know any spells.

Dungeon Overview and Level Annotations

Branches:
Dungeon (4/15)
 Temple: D:4-7

Altars:
Gozag
Makhleb

Annotations:
D:4 1 transporter


Innate Abilities, Weirdness & Mutations

You are surrounded by a mild repulsion field. (EV +2)
You are partially covered in sharp spines.
When hurt, damage is shared between your health and your magic reserves.


Message History

There is an open door here.
The electric eel shoots out a bolt of lightning at you!
The bolt of electricity hits you!
The bolt of electricity hits the electric eel.
The electric eel completely resists.
The bolt of electricity hits the electric eel.
The electric eel completely resists.
You are feeling hungry.
The electric eel shoots out a bolt of lightning at you!
The bolt of electricity hits you!
* * * LOW HITPOINT WARNING * * *
The electric eel shoots out a bolt of lightning at you!
The bolt of electricity hits you!
* * * LOW HITPOINT WARNING * * *
The electric eel shoots out a bolt of lightning at you!
The bolt of electricity misses you. The bolt of electricity hits you!
* * * LOW HITPOINT WARNING * * *
The electric eel shoots out a bolt of lightning at you!
The bolt of electricity hits you!
You die...

..#<...#.#.##.#.# *,,**,#.#
########.#....#.# #.##*.#.#
,....,,..#<####.# #..#*.#.#####
##.#######......#####..#*.#......
...#.................#.#*.#######
...#.###############.#.##.#
...#.#8P#≈≈≈≈≈;;#P8#.#....#
.....#..#.......#..#....#.#
....©#©%+...♣...@.©#©....#*
+#...#..#.......#..#...#.#
,#.#.#8P#≈≈≈≈≈;≈#P8#.#.#.########
,#.#.###############.#.#.>.......
,#.#.................#.##########
,#.###################.#,,,,,,,*
,#..,,,,,,,* #..,,,,,,,*
,#..,,****,* ***###+*******
+##.,,****,* *,,,,,,,*


You could see 3 electric eels.

Vanquished Creatures
  An ogre (D:4)
  The ghost of xight the Firebug, a weakling DEFE (D:3)
  A hound (D:3)
  An orc wizard (D:3)
  A worker ant (D:4)
  A hound skeleton (D:4)
  4 adders
  An ooze (D:3)
  A worm (D:2)
  A dart slug (D:1)
  3 leopard geckos
  11 orcs (D:3)
  11 giant cockroaches
  3 goblins
  5 hobgoblins (D:1)
  3 jackals (D:1)
  6 kobolds
  A quokka (D:2)
  7 bats
  4 frilled lizards
  5 rats
72 creatures vanquished.

Notes
Turn   | Place    | Note
-------+----------+-------------------------------------------
     0 | Abyss:1  | shakethe the Demonspawn Abyssal Knight began the quest for the Orb.
     0 | Abyss:1  | Reached XP level 1. HP: 18/18 MP: 2/2
     0 | D:1      | Escaped the Abyss
   175 | D:1      | Reached * piety under Lugonu
   175 | D:1      | Gained mutation: You are surrounded by a mild repulsion field. (EV +2) [demonic ancestry]
   175 | D:1      | Reached XP level 2. HP: 21/24 MP: 4/4
   509 | D:1      | Reached skill level 1 in Dodging
  1073 | D:1      | Reached XP level 3. HP: 23/29 MP: 5/5
  1677 | D:2      | You fall through a shaft!
  2113 | D:2      | Found an opulent altar of Gozag.
  2390 | D:3      | Noticed xight's ghost (weakling DEFE)
  2410 | D:3      | Killed xight's ghost
  2410 | D:3      | Reached XP level 4. HP: 15/37 MP: 6/6
  2598 | D:3      | Reached ** piety under Lugonu
  3072 | D:3      | Found a burning altar of Makhleb.
  3082 | D:3      | Gained mutation: When hurt, damage is shared between your health and your magic reserves. [demonic ancestry]
  3082 | D:3      | Reached XP level 5. HP: 33/42 MP: 8/8
  3566 | D:4      | Found a transporter.
  3860 | D:4      | Noticed an ogre
  4540 | D:4      | Killed an ogre
  4540 | D:4      | Gained mutation: You are partially covered in sharp spines. [demonic ancestry]
  4540 | D:4      | Reached XP level 6. HP: 29/49 MP: 5/9
  4790 | D:4      | Found a transporter.
  4887 | D:4      | HP: 2/49 [electric eel/bolt of electricity (10)]
  4887 | D:4      | Killed from afar by an electric eel

Skill      XL: |  1  2  3  4  5 |
---------------+----------------+-----
Maces & Flails | 2 3 |  3.4
Invocations    | 3 4 |  4.9
Dodging        | 1 2 |  2.7
Fighting       | 4 |  4.4
Armour         | |  1.7

Action                   |  1- 3 |  4- 6 || total
-------------------------+-------+-------++-------
Melee: Mace              |   122 |   177 ||   299
Invok: Depart the Abyss  |     1 |       ||     1
       Bend Space        |       |     6 ||     6
  Use: Scroll            |     8 |     7 ||    15
  Eat: Chunk             |     4 |     5 ||     9
       Ration            |       |     1 ||     1
Armor: Leather armour    |    46 |    55 ||   101
Dodge: Dodged            |    96 |   166 ||   262
